Map: Frost LE

Players

Fropez

  • Race: Protoss Protoss
  • League: Gold
  • Spawn Location: 5:00

DeejayFK - Winner!

  • Race: Zerg Zerg
  • Spawn Location: 11:00

VOD

Have the link to the VOD?

Description

Time

  • Played on: Nov. 13, 2016, 3 p.m.
  • Length: 12:07
Show
View Real Time Build Order
Export as new Build Order

Fropez Protoss 

Build Orders:  

Get SALT Encoding   

  12  0:01  Probe (Chrono Boost)  
  13  0:11  Probe (Chrono Boost)  
  14  0:18  Pylon  
  14  0:22  Probe (Chrono Boost)  
  15  0:38  Probe (Chrono Boost), Gateway  
  16  0:47  Assimilator  
  16  0:48  Probe (Chrono Boost)  
  17  1:00  Gateway  
  17  1:02  Probe (Chrono Boost)  
  18  1:10  Assimilator  
  18  1:13  Probe (Chrono Boost)  
  19  1:23  Probe (Chrono Boost)  
  20  1:34  Probe (Chrono Boost)  
  21  1:44  Cybernetics Core  
  21  1:46  Pylon  
  21  1:48  Probe (Chrono Boost)  
  22  1:59  Probe (Chrono Boost)  
  23  2:14  Nexus  
  23  2:21  Mothership Core (Chrono Boost)  
  25  2:24  Warp Gate (Chrono Boost)  
  25  2:47  Adept  
  25  2:48  Adept  
  29  2:52  Probe  
  29  2:54  Pylon  
  30  3:13  Twilight Council  
  30  3:21  Gateway x2  
  30  3:24  Probe  
  31  3:30  Probe  
  32  3:38  Probe  
  35  3:52  Pylon, Probe  
  36  3:58  Resonating Glaives (Chrono Boost)  
  30  4:12  Probe  
  30  4:13  Probe, Assimilator  
  32  4:25  Forge  
  32  4:31  Probe  
  32  4:32  Probe  
  32  4:34  Pylon  
  34  4:43  Probe  
  34  4:44  Probe  
  28  4:47  Adept x3  
  30  5:00  Adept  
  31  5:14  Probe  
  32  5:41  Adept x2  
  32  5:42  Adept  
  38  5:51  Photon Cannon  
  38  6:02  Photon Cannon  
  38  6:10  Pylon  
  38  6:12  Adept  
  40  6:20  Gateway  
  40  6:30  Pylon  
  40  6:33  Adept  
  36  6:47  Stalker x2  
  34  7:06  Stalker  
  32  7:19  Stalker x2  
  30  7:31  Probe  
  31  7:43  Probe  
  32  8:09  Nexus  
  32  8:10  Probe  
  33  8:20  Pylon  
  33  8:22  Probe  
  34  8:34  Probe  
  34  8:35  Templar Archives  
  35  8:41  Pylon  
  35  8:46  Probe  
  36  9:00  Stalker x2  
  40  9:12  High Templar x2  
  40  9:16  Archon  
  44  9:18  Sentry  
  44  9:21  Probe  
  47  9:30  Stalker  
  47  9:31  Stalker  
  51  9:40  Probe x2  
  53  9:50  Probe  
  54  9:55  Sentry  
  56  10:03  Protoss Ground Weapons Level 1 (Chrono Boost)  
  56  10:08  Probe  
  57  10:15  Zealot x3  
  57  10:16  Zealot  
  65  10:23  Pylon  
  65  10:24  Probe x2  
  55  10:43  Stalker x2  
  55  10:49  Probe  
  59  10:50  Probe  
  61  11:01  High Templar x2  
  65  11:05  Archon  
  43  11:28  Zealot  
  43  11:29  Zealot x2  
  47  11:34  Probe  
  47  11:36  Probe  
  49  11:42  High Templar  
  49  11:43  High Templar  
  53  11:49  Archon  
  53  11:53  Photon Cannon  
  45  12:01  Pylon  
Show
View Real Time Build Order
Export as new Build Order

DeejayFK Zerg - Winner!

Build Orders: Pool First 

Get SALT Encoding   

  12  0:01  Drone  
  13  0:09  Drone  
  14  0:17  Overlord  
  14  0:26  Extractor  
  14  0:27  Drone  
  14  0:28  Extractor  
  13  0:30  Drone  
  13  0:35  Drone  
  17  0:51  Spawning Pool  
  17  0:52  Drone  
  17  0:57  Extractor  
  17  0:58  Drone  
  17  1:06  Drone  
  18  1:32  Hatchery  
  17  1:33  Drone  
  17  1:34  Drone  
  17  1:38  Drone  
  20  1:44  Queen  
  22  1:51  Overlord  
  22  2:09  Zergling x2  
  22  2:11  Overlord  
  23  2:19  Metabolic Boost  
  23  2:23  Queen  
  23  2:25  Zergling x2  
  26  2:34  Roach Warren  
  25  2:48  Zergling x6  
  28  2:54  Extractor  
  28  2:55  Drone x2  
  28  2:56  Drone x2  
  31  3:18  Drone x4  
  35  3:27  Queen  
  37  3:37  Drone x5  
  37  3:39  Zergling x2  
  43  4:11  Overlord x2  
  43  4:18  Overlord x2  
  43  4:19  Overlord  
  43  4:23  Lair  
  41  4:33  Roach x6  
  51  4:59  Roach x5  
  65  5:00  Roach x2  
  63  5:07  Roach  
  63  5:13  Roach  
  66  5:22  Evolution Chamber  
  66  5:23  Evolution Chamber  
  64  5:33  Drone x4  
  68  5:38  Extractor  
  68  5:39  Extractor  
  66  5:54  Hatchery  
  65  6:01  Zerg Missile Weapons Level 1  
  65  6:08  Queen  
  65  6:10  Queen  
  69  6:20  Roach x5  
  69  6:23  Roach  
  69  6:24  Overlord  
  69  6:25  Overlord x3  
  55  7:17  Roach x8  
  55  7:18  Roach x2  
  63  7:27  Roach x3  
  61  7:35  Drone  
  61  7:36  Drone  
  61  7:52  Roach x2  
  59  8:05  Drone x2  
  61  8:14  Roach  
  61  8:17  Drone  
  64  8:33  Roach x2  
  68  8:48  Queen  
  70  8:57  Roach  
  70  8:58  Roach x3  
  78  9:05  Roach x2  
  82  9:12  Drone x3  
  82  9:14  Drone  
  86  9:22  Ravager x5  
  86  9:23  Ravager  
  92  9:29  Drone x2  
  94  9:37  Overlord x2  
  94  9:44  Drone  
  94  9:45  Drone x2  
  97  9:48  Drone  
  97  9:52  Drone x2  
  100  10:02  Drone  
  100  10:04  Roach x3  
  100  10:06  Drone  
  108  10:07  Drone  
  105  10:40  Roach x2  
  105  10:41  Roach x8  
  122  10:48  Roach x3  
  122  10:49  Roach  
  112  11:29  Roach x7  
  112  11:30  Roach x6  
  130  11:36  Overlord x3  
Tags
 
League
Gold
Matchup
PvZ
Opening
Pool First
Replay Pack
All Mines
Spawn Locations
Cross Positions
Add a new tag
Caveats
  • Supply blocks, unpowered buildings, or Contaminate may cause inaccurate times.
  • Supply counts are checked every 10 seconds.